 Dungeon Crawl Stone Soup version 0.30-a0-743-gbfdf073431 (webtiles) character file.

Game seed: 163052486976064931

478 pokeman the Magician (level 6, -10/34 HPs)
             Began as a Deep Elf Hedge Wizard on Feb 5, 2023.
             Mangled by an ogre
             ... wielding a +0 giant club
              (19 damage)
             ... on level 5 of the Dungeon.
             The game lasted 00:08:27 (4212 turns).

pokeman the Magician (Deep Elf Hedge Wizard)        Turns: 4212, Time: 00:08:27

Health: -10/34     AC:  4    Str:  7    XL:     6   Next: 85%
Magic:  18/18      EV: 13    Int: 21    God:
Gold:   205        SH:  0    Dex: 14    Spells: 11/19 levels left

rFire   . . .      SeeInvis .    o - staff of conjuration
rCold   . . .      Faith    .    (no shield)
rNeg    . . .      Spirit   .    b - +0 robe
rPois   .          Reflect  .    c - +0 hat
rElec   .          Harm     .    h - +0 cloak
rCorr   .          Rampage  .    (no gloves)
Will    .....                    u - +0 pair of boots
Stlth   ++                       s - amulet of magic regeneration
HPRegen 0.25/turn                (no ring)
MPRegen 0.56/turn                (no ring)

@: no status effects
A: no striking features
a: no special abilities


You were on level 5 of the Dungeon.
You visited 1 branch of the dungeon, and saw 5 of its levels.

You collected 205 gold pieces.

Inventory:

Armour
 b - a +0 robe (worn)
 c - a +0 hat (worn)
 h - a +0 cloak (worn)
 u - a +0 pair of boots (worn)
Magical Staves
 o - a staff of conjuration (weapon)
Jewellery
 e - a ring of fire
 s - an amulet of magic regeneration (around neck)
Wands
 r - a wand of flame (15)
 v - a wand of mindburst (14)
Scrolls
 a - a scroll of enchant armour {unknown}
 f - a scroll of amnesia {unknown}
 g - 4 scrolls of teleportation {unknown}
 m - 3 scrolls of identify {unknown}
 n - a scroll of poison {unknown}
 q - a scroll of fear {unknown}
 t - a scroll of brand weapon {unknown}
Potions
 d - a potion of magic
 i - 3 potions of degeneration {unknown}
 j - 2 potions of mutation {unknown}
 k - a potion of resistance {unknown}
 l - a potion of curing
 p - a potion of might {unknown}


   Skills:
 + Level 1.5 Fighting
 - Level 1.0 Armour
 - Level 3.1 Dodging
 - Level 3.0 Stealth
 * Level 7.4 Spellcasting
 + Level 3.5 Conjurations
 + Level 1.2 Summonings
 - Level 1.1 Translocations
 - Level 1.2 Air Magic
 - Level 1.3 Poison Magic
 - Level 1.2 Evocations


You had 11 spell levels left.
You knew the following spells:

 Your Spells              Type           Power      Damage    Failure   Level
a - Magic Dart            Conj           100%       1d8       1%          1
b - Mephitic Cloud        Conj/Pois/Air  24%        N/A       11%         3
c - Call Imp              Summ           13%        N/A       8%          2
d - Blink                 Tloc           24%        N/A       9%          2

Your spell library contained the following spells:

 Spells                   Type           Power      Damage    Failure   Level
 Slow                     Hex            28%        N/A       9%          1
 Cigotuvi's Dreadful Rot  Necr/Pois/Air  22%        N/A       9%          2
 Hailstorm                Conj/Ice       22%        3d7       12%         3
 Swiftness                Air            12%        N/A       16%         3
 Ice Form                 Ice/Tmut       7%         N/A       63%         4
 Borgnjor's Vile Clutch   Necr/Erth      3%         N/A       93%         5
 Death Channel            Necr           3%         N/A       100%        6
 Simulacrum               Ice/Necr       3%         N/A       100%        6


Dungeon Overview and Level Annotations

Branches:
Dungeon (5/15)
 Temple: D:4-7

Altars:
Makhleb
Uskayaw


Message History

You feel a surge of power!
The magic dart hits the ogre.
The ogre is moderately wounded.
A hound comes into view.
The hound moves out of view.
Casting: Magic Dart (safe; 1% risk of failure)
Confirm with . or Enter, or press ? or * to list all spells.
The spell is quite dangerous to miscast (11% risk of failure)!
Continue anyway?
Aiming: Mephitic Cloud (quite dangerous; 11% risk of failure)
Press: ? - help, Shift-Dir - straight line, f/p - ogre
Aim: an ogre, wielding a +0 giant club (moderately wounded, chance to affect: 77%)
You feel a surge of power!
The ball explodes into a vile cloud!
The stinking cloud engulfs the ogre but does no damage.
The ogre is moderately wounded.
You hear a bark! x2
The ogre is engulfed in noxious fumes.
You hit the ogre.
You blast the ogre.
The ogre is heavily wounded.
The hound is engulfed in noxious fumes.
The hound appears confused.
The ogre is engulfed in noxious fumes.
The ogre appears confused.
The ogre barely misses you.
The ogre barely misses itself.
You hit the ogre.
The ogre is heavily wounded.
The hound is engulfed in noxious fumes.
The hound appears confused.
You hit the ogre.
The ogre is severely wounded.
The hound is engulfed in noxious fumes.
The hound appears confused.
You hit the ogre.
The ogre is severely wounded.
The ogre hits you with a +0 giant club!!
Ouch! That really hurt!
* * * LOW HITPOINT WARNING * * *
You catch the helpless ogre completely off-guard!
You hit the ogre.
You blast the ogre.
The ogre is almost dead.
The hound bites itself.
The ogre misses you.
You barely miss the ogre. You punch the ogre, but do no damage.
The ogre is almost dead.
The ogre hits you with a +0 giant club!!
Ouch! That really hurt!
You die...

#.# #.#
#.# #.#
#.#
#.#######
#.?......
#@# #O#
#.# #..
... ....
#..# #...


You could see an ogre (confused).

Vanquished Creatures
  A scorpion (D:4)
  An orc priest (D:3)
  A jelly (D:4)
  An orc wizard (D:4)
  Natasha (thrice) (D:4)
  2 gnolls
  7 adders
  A worm (D:3)
  A dart slug (D:4)
  8 orcs
  11 endoplasms
  5 giant cockroaches
  5 goblins
  7 hobgoblins
  A quokka (D:1)
  6 ball pythons
  7 bats
  4 frilled lizards
  4 kobolds
  7 rats
83 creatures vanquished.

Vanquished Creatures (collateral kills)
  An ogre (D:4)
  A worm (D:2)
  An orc (D:3)
3 creatures vanquished.

Grand Total: 86 creatures vanquished

Notes
Turn   | Place    | Note
-------+----------+-------------------------------------------
     0 | D:1      | pokeman the Deep Elf Hedge Wizard began the quest for the
                  | Orb.
     0 | D:1      | Reached XP level 1. HP: 10/10 MP: 7/7
    88 | D:1      | Reached XP level 2. HP: 8/16 MP: 0/9
   209 | D:1      | Found a faded altar of an unknown god.
   445 | D:1      | Reached skill level 5 in Spellcasting
   568 | D:1      | Reached XP level 3. HP: 5/20 MP: 1/11
   602 | D:1      | Learned a level 3 spell: Mephitic Cloud
   605 | D:1      | Learned a level 2 spell: Call Imp
   608 | D:1      | Learned a level 2 spell: Blink
  1037 | D:2      | Reached skill level 1 in Armour
  1078 | D:2      | Reached skill level 1 in Fighting
  1349 | D:2      | Reached XP level 4. HP: 25/25 MP: 6/13
  2306 | D:3      | Found a hide-covered altar of Uskayaw.
  2365 | D:3      | Reached skill level 6 in Spellcasting
  2365 | D:3      | Reached XP level 5. HP: 19/29 MP: 0/15
  2704 | D:3      | Got Useutink's Codex of Doomed Austromancy
  3403 | D:4      | Noticed Natasha
  3409 | D:4      | Killed Natasha
  3409 | D:4      | Noticed an ogre
  3429 | D:4      | Killed an ogre
  3430 | D:4      | Reached skill level 1 in Air Magic
  3430 | D:4      | Reached skill level 1 in Poison Magic
  3430 | D:4      | Reached XP level 6. HP: 34/34 MP: 3/17
  3463 | D:4      | Noticed Natasha
  3479 | D:4      | Killed Natasha
  3480 | D:4      | Reached skill level 7 in Spellcasting
  3504 | D:4      | Noticed Natasha
  3514 | D:4      | Killed Natasha
  3886 | D:4      | Reached skill level 1 in Evocations
  3920 | D:4      | Found a burning altar of Makhleb.
  4203 | D:5      | Entered Level 5 of the Dungeon
  4212 | D:5      | Mangled by an ogre

Illustrated notes

Levels and vault maps discovered:
D:1:      dpeg_arrival_three_same_balls, layout_rooms,
          chequers_ecumenical_altar_island
D:2:      layout_loops_corners, minmay_split_cup_small
D:3:      layout_basic, nicolae_uskayaw_suspiria
D:4:      layout_rooms, mainiacjoe_overflow_brackets, uniq_natasha
D:5:      layout_loops_ring, mainiacjoe_overflow_catwalk, minmay_manual_moon,
          uniq_pikel, uniq_edmund

Skill      XL: |  1  2  3  4  5  6 |
---------------+-------------------+-----
Spellcasting   | 5 6 7 |  7.4
Armour         | 1 |  1.0
Fighting       | 1 |  1.5
Conjurations   | 2 3 |  3.5
Dodging        | 3 |  3.1
Stealth        | 3 |  3.0
Air Magic      | 1 |  1.2
Poison Magic   | 1 |  1.3
Evocations     | 1 |  1.2
Summonings     | |  1.2
Translocations | |  1.1

Action                     |  1- 3 |  4- 6 || total
---------------------------+-------+-------++-------
  Melee: Dagger            |     6 |    28 ||    34
         Punch             |     1 |     1 ||     2
         Staff             |       |    15 ||    15
   Cast: Magic Dart        |    79 |    97 ||   176
         Mephitic Cloud    |       |    12 ||    12
         Call Imp          |       |     5 ||     5
         Blink             |       |     1 ||     1
   Stab: Sleeping          |     1 |       ||     1
         Confused          |       |     6 ||     6
 Armour: Robe              |     4 |     4 ||     8
  Dodge: Dodged            |    24 |    32 ||    56

Table legend: (Time is in decaauts)
 A = Elapsed time spent in this place.
 B = Non-inter-level travel time spent in this place.
 C = Inter-level travel time spent in this place.
 D = Time resting spent in this place.
 E = Time spent auto-exploring this place.
 F = Levels seen in this place.
 G = Mean time per level.
                   A        B        C        D        E       F      G
               +--------+--------+--------+--------+--------+-----+--------+
         Total |   4217 |   4120 |     97 |    307 |   3199 |   5 |  843.4 |
       Dungeon |   4217 |   4120 |     97 |    307 |   3199 |   5 |  843.4 |
               +--------+--------+--------+--------+--------+-----+--------+

Top non-repeatable levels by time:
     D:3: 1356 daAuts
     D:2: 1237 daAuts
     D:1: 999 daAuts
     D:4: 614 daAuts
     D:5: 9 daAuts
